 Dungeon Crawl Stone Soup version 0.29-a0-330-g52719c12eb (webtiles) character file.

Game seed: 16427390115651787792

19 HoaS the Shooter (level 2, 0/17 HPs)
             Began as a Gargoyle Hunter on May 19, 2022.
             Slain by a kobold
             ... wielding a +0 club
              (2 damage)
             ... on level 1 of the Dungeon.
             The game lasted 00:00:50 (302 turns).

HoaS the Shooter (Gargoyle Hunter)                   Turns: 302, Time: 00:00:51

Health: 0/17       AC:  5    Str: 14    XL:     2   Next: 75%
Magic:  2/2        EV: 11    Int:  9    God:
Gold:   7          SH:  0    Dex: 13    Spells: 1/1 levels left

rFire   . . .      SeeInvis .   a - +1 shortbow
rCold   . . .      Faith    .   (shield currently unavailable)
rNeg    + . .      Spirit   .   b - +0 leather armour
rPois   ∞          Reflect  .   (no helmet)
rElec   +          Harm     .   (no cloak)
rCorr   .          Rampage  .   (no gloves)
Will    .....                   (no boots)
Stlth   +.........              (no amulet)
HPRegen 0.05/turn               (no ring)
MPRegen 0.08/turn               (no ring)

@: no status effects
A: sickness immunity, AC +2, negative energy resistance 1, electricity
resistance, torment resistance 1, petrification resistance
a: no special abilities


You were on level 1 of the Dungeon.
You visited 1 branch of the dungeon, and saw 1 of its levels.

You collected 7 gold pieces.

Inventory:

Hand Weapons
 a - a +1 shortbow (weapon)
Armour
 b - a +0 leather armour (worn)
Scrolls
 c - a scroll of immolation
 d - 2 scrolls of vulnerability {unknown}


   Skills:
 - Level 2.1 Fighting
 + Level 4.7 Bows
 - Level 1.5 Dodging
 - Level 1.1 Stealth


You had one spell level left.
You didn't know any spells.
Your spell library contained the following spells:

 Spells                   Type           Power      Damage    Failure   Level
 Ensorcelled Hibernation  Hex/Ice        0%         N/A       61%         2
 Passwall                 Tmut/Erth      0%         N/A       61%         2
 Swiftness                Air            0%         N/A       83%         3


Dungeon Overview and Level Annotations

Branches:
Dungeon (1/15)

Altars:


Innate Abilities, Weirdness & Mutations

You are immune to sickness and miasma.
Your stone body is resilient. (AC +2)
You are immune to poison.
You resist negative energy. (rN+)
You are resistant to electric shocks. (rElec)
You are resistant to unholy torment.
You are immune to petrification.


Message History

You shoot an arrow.
The arrow hits the kobold but does no damage.
The kobold barely misses you. The kobold closely misses you.
You shoot an arrow. The arrow hits the kobold.
The kobold is heavily wounded.
The kobold hits you but does no damage. x2
The frilled lizard closely misses you.
You shoot an arrow. The arrow closely misses the kobold.
The kobold hits you but does no damage.
The kobold hits you with a +0 short sword.
The frilled lizard bites you but does no damage.
The frilled lizard closely misses you. The kobold misses you.
The kobold hits you but does no damage.
You shoot an arrow. The arrow barely misses the kobold.
The kobold hits you with a +0 club.
The kobold hits you with a +0 short sword.
The frilled lizard closely misses you. The kobold attacks as you move away!
The kobold hits you but does no damage.
The frilled lizard attacks as you move away!
The frilled lizard bites you. The kobold attacks as you move away!
The kobold barely misses you. The kobold attacks as you move away!
The kobold barely misses you. The kobold attacks as you move away!
The kobold barely misses you. The kobold attacks as you move away!
The kobold hits you with a +0 club. The kobold attacks as you move away!
The kobold closely misses you. The kobold attacks as you move away!
The kobold hits you with a +0 club.
* * * LOW HITPOINT WARNING * * *
There is an open door here.
The kobold attacks as you move away! The kobold closely misses you.
You are too injured to fight recklessly!
You are too injured to fight recklessly!
You are too injured to fight recklessly!
Shoot: a) +1 shortbow
Press: ? - help, Q - select action Shift-Dir - straight line, f/p - kobold
Aim: a kobold, wielding a +0 short sword (moderately wounded, 55% to hit)
You shoot an arrow. The arrow closely misses the kobold.
The arrow hits the kobold.
You kill the kobold!
The kobold hits you with a +0 club.
You die...

#.#.##.#..#####..#.#.##
#.#.##.(.......... #...
#.#........####..######
#.#...............).... ..
#.#......#..###..###### ...
#.####l####.###..#
...#+#####.....)..........#
...........####K#####.###.......
#..†......# #@# #.###.......
##.........# ##+#####..##.......
........#### ........#.##.......
........#### ........#..#.......
.........>.# ........##.#.......
........##.# ........##.#.....^.
........##)# ........##.#.......
........##.# ##+#######...####+#
..########.# ##..#


You could see a kobold and a frilled lizard.

Vanquished Creatures
  A dart slug (D:1)
  A bat (D:1)
  3 endoplasms (D:1)
  A giant cockroach (D:1)
  2 goblins (D:1)
  2 quokkas (D:1)
  A ball python (D:1)
  2 frilled lizards (D:1)
  2 kobolds (D:1)
  2 rats (D:1)
17 creatures vanquished.

Notes
Turn   | Place    | Note
-------+----------+-------------------------------------------
     0 | D:1      | HoaS the Gargoyle Hunter began the quest for the Orb.
     0 | D:1      | Reached XP level 1. HP: 12/12 MP: 1/1
    15 | D:1      | Found a faded altar of an unknown god.
    87 | D:1      | Reached XP level 2. HP: 17/17 MP: 2/2
   302 | D:1      | Slain by a kobold

Illustrated notes

Levels and vault maps discovered:
D:1:      lightli_arrival_maybe_door_vault, layout_basic,
          hellmonk_ecumenical_altar_crossroads, st_stairs_9, minmay_pentomino_x2

Action                   || total
-------------------------++-------
 Fire: Shortbow          ||    37
Armor: Leather armour    ||    11
Dodge: Dodged            ||    19

Table legend: (Time is in decaauts)
 A = Elapsed time spent in this place.
 B = Non-inter-level travel time spent in this place.
 C = Inter-level travel time spent in this place.
 D = Time resting spent in this place.
 E = Time spent auto-exploring this place.
 F = Levels seen in this place.
 G = Mean time per level.
                   A        B        C        D        E       F      G
               +--------+--------+--------+--------+--------+-----+--------+
         Total |    313 |    313 |      0 |      0 |    220 |   1 |  313.0 |
       Dungeon |    313 |    313 |      0 |      0 |    220 |   1 |  313.0 |
               +--------+--------+--------+--------+--------+-----+--------+

Top non-repeatable levels by time:
     D:1: 313 daAuts
